 Dungeon Crawl Stone Soup version 0.31.0-32-g396128a36d (webtiles) character file.

Game seed: 10424490034705195566

1019 spaghetti the Magician (level 8, 0/67 HPs)
             Began as an Oni Earth Elementalist on Mar 9, 2024.
             Was an Initiate of Kikubaaqudgha.
             Slain by an orc wizard
             ... wielding a +0 dagger
              (2 damage)
             ... on level 8 of the Dungeon.
             The game lasted 00:12:27 (6379 turns).

spaghetti the Magician (Oni Earth Elementalist)     Turns: 6379, Time: 00:12:28

Health: 0/67       AC:  4    Str: 17    XL:     8   Next: 22%
Magic:  2/18       EV:  9    Int: 17    God:    Kikubaaqudgha [......]
Gold:   244        SH:  0    Dex:  8    Spells: 12/20 levels left

rFire   . . .        i - +1 dagger (venom)
rCold   . . .        (no shield)
rNeg    . . .        a - +0 robe
rPois   .            (helmet restricted)
rElec   .            j - +0 cloak
rCorr   .            (gloves unavailable)
SInv    .            (boots unavailable)
Will    .....        d - amulet of the acrobat
Stlth   +            (no ring)
HPRegen 0.31/turn    (no ring)
MPRegen 0.16/turn

%: acrobat
@: lethally poisoned (0 -> -6)
A: large, unfitting armour, horns 1, tough skin 1, double potion healing,
drunken brawling, hooves 1, strong 1
a: Renounce Religion


You were on level 8 of the Dungeon.
You worshipped Kikubaaqudgha.
Kikubaaqudgha was noncommittal.
You visited 2 branches of the dungeon, and saw 7 of its levels.

You collected 244 gold pieces.

Inventory:

Hand Weapons
 i - a +1 dagger of venom (weapon)
Armour
 a - a +0 robe (worn)
 j - a +0 cloak (worn)
Jewellery
 b - an amulet of guardian spirit
 d - an amulet of the acrobat (around neck)
Wands
 l - a wand of polymorph (11)
Scrolls
 c - a scroll of torment {unknown}
 e - 2 scrolls of blinking
 f - 2 scrolls of enchant weapon
 g - 3 scrolls of revelation
 k - a scroll of fear {unknown}
 m - a scroll of immolation {unknown}
Potions
 h - a potion of invisibility
 n - a potion of might {unknown}
 o - a potion of berserk rage {unknown}
 p - a potion of lignification {unknown}


   Skills:
 - Level 1.7 Dodging
 - Level 1.4 Stealth
 + Level 6.7 Spellcasting
 + Level 5.1 Conjurations
 + Level 4.9 Earth Magic


You had 12 spell levels left.
You knew the following spells:

 Your Spells              Type           Power      Damage    Failure   Level
a - Sandblast             Erth           44%        2d11      1%          1
b - Stone Arrow           Conj/Erth      44%        3d9       4%          3
c - Brom's Barrelling Bo  Conj/Erth      22%        2d4       14%         4

Your spell library contained the following spells:

 Spells                   Type           Power      Damage    Failure   Level
 Passwall                 Erth           22%        N/A       4%          3
 Ensorcelled Hibernation  Hex/Ice        10%        N/A       19%         2
 Swiftness                Air            5%         N/A       34%         3
 Petrify                  Alch/Erth      14%        N/A       38%         4


Dungeon Overview and Level Annotations

Branches:
Dungeon (5/15)             Temple (1/1) D:4

Altars:
Ashenzari
Cheibriados
Dithmenos
Fedhas
Gozag
Hepliaklqana
Kikubaaqudgha
Makhleb
Nemelex Xobeh
Okawaru
Qazlal
Ru
Uskayaw
Wu Jian
Xom
Yredelemnul
Zin
The Shining One


Innate Abilities, Weirdness & Mutations

You are too large for most types of armour.
You have a pair of small horns on your head.
You have tough skin. (AC +1)
You gain doubled healing and magic from potions.
Whenever you drink a healing potion, you attack all around you.
You have large cloven feet.
Your muscles are strong. (Str +4, Int/Dex -1)


Message History

You bump into the rock wall.
The water moccasin bites you.
You are poisoned.
The water moccasin poisons you!
You bump into the rock wall.
You feel very sick. The water moccasin closely misses you.
You hear some strange, mumbled words.
A magic dart appears from out of thin air!
The magic dart hits you. The water moccasin bites you.
You are more poisoned.
The water moccasin poisons you!
You feel very sick.
You bump into the rock wall.
You feel very sick. Something hits you.
The orc priest mumbles some strange prayers to Beogh against you.
Beogh smites you!
* * * LOW HITPOINT WARNING * * *
Unknown command.
It was a potion of mutation.
You feel extremely strange.
Your feet thicken and deform.
You feel stronger.
* * * LOW HITPOINT WARNING * * *
You feel very sick. Something hits you.
* * * LOW HITPOINT WARNING * * *
It was a potion of haste.
You feel yourself speed up.
You feel less confused.
* * * LOW HITPOINT WARNING * * *
You feel very sick. Something hits you.
* * * LOW HITPOINT WARNING * * *
Okay, then.
It was a potion of cancellation.
Your magical effects are unravelling.
You feel magically purged.
You feel yourself slow down.
* * * LOW HITPOINT WARNING * * *
You feel sick. Something hits you.
You die...
Kikubaaqudgha rasps: "You have failed me!
Welcome... death!"

..# #.#####
......############
#.###.....)......#
#.###..°°.######.#
#.##......######.#####
#.##......#.....So...#
..##......#.####.###.#
...'......... #@#
..##......#.# #.#
.###......#.# #.# .#
#......# ... ..
......... #..
.##(#####.### #..#
.... .# #..# .### .
.... .###


You could see a water moccasin and an orc priest.

Vanquished Creatures
  Sigmund (D:3)
  A black bear (D:5)
  A phantom (D:3)
  3 scorpions
  A jelly (D:5)
  2 orc priests (D:8)
  2 hounds (D:5)
  A sleepcap (D:5)
  Ijyb (D:3)
  Natasha (twice) (D:4)
  2 orc wizards (D:3)
  4 gnolls (D:2)
  8 adders
  A white imp (D:8)
  2 dart slugs
  2 ribbon worms
  8 orcs
  6 endoplasms
  8 giant cockroaches
  4 goblins
  11 hobgoblins
  11 jackals
  4 quokkas
  6 ball pythons
  6 bats
  4 frilled lizards
  A kobold (D:1)
  4 rats
107 creatures vanquished.

Vanquished Creatures (collateral kills)
  5 boulders
5 creatures vanquished.

Vanquished Creatures (others)
  14 boulders
14 creatures vanquished.

Grand Total: 126 creatures vanquished

Notes
Turn   | Place    | Note
-------+----------+-------------------------------------------
     0 | D:1      | spaghetti the Oni Earth Elementalist began the quest for
                  | the Orb.
     0 | D:1      | Reached XP level 1. HP: 16/16 MP: 3/3
    29 | D:1      | Reached skill level 1 in Conjurations
    91 | D:1      | Found a faded altar of an unknown god.
   100 | D:1      | Reached XP level 2. HP: 24/24 MP: 0/5
   196 | D:1      | Reached skill level 3 in Spellcasting
   464 | D:1      | Reached XP level 3. HP: 19/31 MP: 0/7
  1043 | D:2      | Learned a level 3 spell: Stone Arrow
  1201 | D:2      | Reached XP level 4. HP: 34/39 MP: 5/9
  1344 | D:2      | Reached skill level 4 in Spellcasting
  1764 | D:2      | Reached XP level 5. HP: 41/45 MP: 6/11
  2129 | D:2      | Learned a level 4 spell: Brom's Barrelling Boulder
  2157 | D:3      | Noticed Sigmund
  2266 | D:3      | Noticed Ijyb
  2389 | D:3      | Killed Ijyb
  2577 | D:2      | Reached XP level 6. HP: 21/53 MP: 0/13
  2801 | D:3      | Reached skill level 5 in Spellcasting
  3389 | D:3      | Killed Sigmund
  3390 | D:3      | Reached XP level 7. HP: 59/59 MP: 3/15
  3882 | D:4      | Noticed Natasha
  3892 | D:4      | Killed Natasha
  3923 | D:4      | Noticed Natasha
  3957 | D:4      | Killed Natasha
  4347 | D:4      | Reached skill level 6 in Spellcasting
  5042 | D:4      | Found a staircase to the Ecumenical Temple.
  5387 | Temple   | Entered the Ecumenical Temple
  5397 | Temple   | Became a worshipper of Kikubaaqudgha
  5422 | D:5      | Entered Level 5 of the Dungeon
  5788 | D:5      | Reached XP level 8. HP: 58/67 MP: 4/17
  5966 | D:5      | Reached skill level 5 in Conjurations
  6089 | D:5      | You fall into a shaft and drop 3 floors!
  6377 | D:8      | Gained mutation: You have large cloven feet. [potion of
                  | mutation]
  6377 | D:8      | Gained mutation: Your muscles are strong. (Str +4, Int/Dex
                  | -1) [potion of mutation]
  6378 | D:8      | HP: 2/67 [something (2)]
  6379 | D:8      | Slain by an orc wizard

Illustrated notes

Levels and vault maps discovered:
D:1:      dpeg_arrival_refuge, layout_rooms,
          hellmonk_ecumenical_altar_arch_garden, st_stairs_8,
          minmay_pentomino_s4
D:2:      wad_crossroads, layout_loops_ring
D:3:      layout_rooms, uniq_sigmund, uniq_ijyb
D:4:      layout_loops_ring, temple_doors_e,
          nicolae_concentric_dashed_squares_wild,
          corexii_item_surrounded_by_moat, uniq_natasha
D:5:      layout_gridville, hangedman_minor_gate_pass, uniq_edmund
D:8:      layout_basic, serial_park_tiny_1, nicolae_elemental_shop, uniq_pikel
Temple:   hc_temple_tempest_star

Skill      XL: |  1  2  3  4  5  6  7  8 |
---------------+-------------------------+-----
Conjurations   | 1 2 3 4 5 |  5.1
Spellcasting   | 3 4 5 6 |  6.7
Earth Magic    | 3 4 |  4.9
Dodging        | |  1.7
Stealth        | |  1.4

Action                     |  1- 3 |  4- 6 |  7- 9 || total
---------------------------+-------+-------+-------++-------
  Melee: Unarmed           |    16 |    24 |     9 ||    49
         Headbutt          |     2 |     1 |     5 ||     8
         Dagger            |       |       |    19 ||    19
   Cast: Sandblast         |    52 |    41 |    33 ||   126
         Stone Arrow       |       |    11 |    19 ||    30
         Brom's Barrelling |       |    10 |    31 ||    41
    Use: Potion            |     1 |     8 |     4 ||    13
         Scroll            |       |     4 |     2 ||     6
 Armour: Robe              |    28 |    55 |    62 ||   145
         Skin              |       |     2 |       ||     2
  Dodge: Dodged            |    26 |    48 |    38 ||   112
